 Dungeon Crawl Stone Soup version 0.32-a0-329-ge6c31236d6 (webtiles) character file.

Game seed: 18344442008319485028

14 Bravepunisher the Ducker (level 2, -2/16 HPs)
             Began as a Spriggan Monk on Feb 16, 2024.
             Slain by an ufetubus (4 damage)
             ... on level 6 of the Dungeon.
             The game lasted 00:03:09 (598 turns).

Bravepunisher the Ducker (Spriggan Monk)             Turns: 598, Time: 00:03:10

Health: -2/16      AC:  2    Str:  7    XL:     2   Next: 27%
Magic:  3/3        EV: 19    Int: 11    God:
Gold:   0          SH:  0    Dex: 17    Spells: 1/1 levels left

rFire   . . .        a - +0 short sword
rCold   . . .        (no shield)
rNeg    . . .        b - +0 robe
rPois   .            (helmet restricted)
rElec   .            (no cloak)
rCorr   .            (gloves unavailable)
SInv    +            (boots unavailable)
Will    .....        (no amulet)
Stlth   ++           (no ring)
HPRegen 0.22/turn    (no ring)
MPRegen 0.08/turn

%: no passive effects
@: attractive, very quick
A: very small, no large weapons, unfitting armour, see invisible, speed 3
a: no special abilities


You were on level 6 of the Dungeon.
You visited 1 branch of the dungeon, and saw 6 of its levels.

Inventory:

Hand Weapons
 a - a +0 short sword (weapon)
Armour
 b - a +0 robe (worn)
Potions
 c - a potion of ambrosia


   Skills:
 + Level 2.6 Fighting
 - Level 3.2 Short Blades
 * Level 4.7 Dodging


You had one spell level left.
You didn't know any spells.
Your spell library was empty.

Dungeon Overview and Level Annotations

Branches:
Dungeon (6/15)
 Temple: D:4-7

Altars:
Vehumet


Innate Abilities, Weirdness & Mutations

You are very small and have problems with some larger weapons.
You are too small for most types of armour.
You have supernaturally acute eyesight. (SInv)
You cover ground extremely quickly. (Speed+++)


Message History

Found a stone staircase leading up.
Unknown command.
The adder hisses angrily.
Found 6 gold pieces.
Found a stone staircase leading down.
There is a stone staircase leading down here.
You climb downwards.
There is a stone staircase leading up here.
A sky beast comes into view.
The sky beast hits you. The sky beast shocks you.
Found a radiant altar of Vehumet.
The sky beast flickers out of sight for a moment.
The sky beast attacks as it pursues you!
The sky beast completely misses you.
There is a radiant altar of Vehumet here.
A scorpion comes into view. 2 ufetubi come into view.
Found a scroll labelled MEYTWUCEY.
The ufetubus shouts! x2
The ufetubus closely misses you. x2
It was a potion of attraction.
You feel attractive to monsters. The ufetubus slips past you!
The ufetubus barely misses you. The ufetubus hits you.
The ufetubus closely misses you. x2
The ufetubus hits you. The ufetubus completely misses you.
Unknown command.
You closely miss the ufetubus. The ufetubus closely misses you.
The ufetubus completely misses you. The ufetubus misses you.
The ufetubus hits you but does no damage.
You hit the ufetubus.
The ufetubus is heavily wounded.
The ufetubus misses you. x2; The ufetubus hits you.
* * * LOW HITPOINT WARNING * * *
The ufetubus closely misses you.
You closely miss the ufetubus.
The ufetubus is heavily wounded.
The ufetubus closely misses you.
The ufetubus hits you but does no damage.
The ufetubus hits you.
You die...

## ... #.# # #.#
#####.#### #.#
#?.....5.# #.#
#..##..#@## ###.###
##..#.5## #.....#
....#...# #.....#
##.#####.# #.....#
#.#####.# #.....#
###....##.# #<....#
#...##.##.#
####.####..Y.#.##.#
#.....ยง._......#


You could see 2 ufetubi.

Vanquished Creatures
  An adder (D:5)
  A goblin (D:1)
  A bat (D:1)
3 creatures vanquished.

Notes
Turn   | Place    | Note
-------+----------+-------------------------------------------
     0 | D:1      | Bravepunisher the Spriggan Monk began the quest for the
                  | Orb.
     0 | D:1      | Reached XP level 1. HP: 11/11 MP: 2/2
   348 | D:4      | Noticed a bombardier beetle
   399 | D:4      | Noticed an ogre
   428 | D:4      | Noticed an iguana
   438 | D:5      | Entered Level 5 of the Dungeon
   443 | D:5      | Reached XP level 2. HP: 14/16 MP: 3/3
   561 | D:6      | Noticed a sky beast
   571 | D:6      | Found a radiant altar of Vehumet.
   581 | D:6      | Noticed a scorpion
   598 | D:6      | Slain by an ufetubus

Illustrated notes

Levels and vault maps discovered:
D:1:      grunt_arrival_crossed_arrows, layout_basic
D:2:      kb_forest_paths, layout_basic, minivault_19
D:3:      layout_basic, marbit_many_paths, gup_sewer_entry_bowl
D:4:      layout_cave_pods, serial_library_hellmonk_secret_room,
          minmay_distorted
D:5:      layout_loops_corners, mainiacjoe_overflow_six_doors_small,
          nicolae_dithmenos_shadow_blocks, serial_shops, shop, shop,
          minmay_misc_feat_more_columns
D:6:      layout_loops_cross, nicolae_overflow_crystal_walls,
          mainiacjoe_overflow_catwalk, nicolae_overflow_hidden_temple,
          nicolae_specific_store, serial_park_tiny_2, nicolae_custom_books,
          minmay_misc_feat_plants, uniq_sigmund, uniq_menkaure

Action                     || total
---------------------------++-------
  Melee: Short sword       ||    19
    Use: Potion            ||     1
   Stab: Sleeping          ||     1
 Armour: Robe              ||    21
  Dodge: Dodged            ||    41

Table legend: (Time is in decaauts)
 A = Elapsed time spent in this place.
 B = Non-inter-level travel time spent in this place.
 C = Inter-level travel time spent in this place.
 D = Time resting spent in this place.
 E = Time spent auto-exploring this place.
 F = Levels seen in this place.
 G = Mean time per level.
                   A        B        C        D        E       F      G
               +--------+--------+--------+--------+--------+-----+--------+
         Total |    388 |    388 |      0 |      0 |     88 |   6 |   64.7 |
       Dungeon |    388 |    388 |      0 |      0 |     88 |   6 |   64.7 |
               +--------+--------+--------+--------+--------+-----+--------+

Top non-repeatable levels by time:
     D:1: 207 daAuts
     D:5: 78 daAuts
     D:4: 65 daAuts
     D:6: 23 daAuts
     D:3: 7 daAuts
     D:2: 4 daAuts
